 Dungeon Crawl Stone Soup version 0.17-a0-1793-gcbb3aa1 (webtiles) character file.

39 4thArraOfDagon the Firebug (level 3, -1/21 HPs)
             Began as a High Elf Fire Elementalist on Sept 9, 2015.
             Was an Initiate of Vehumet.
             Slain by an orc wizard
             ... wielding a +0 dagger
              (2 damage)
             ... on level 4 of the Dungeon.
             The game lasted 00:07:50 (1337 turns).

4thArraOfDagon the Firebug (HEFE)                   Turns: 1337, Time: 00:07:50

Health: -1/21      AC:  3    Str: 12    XL:     3   Next: 26%
Magic:  8/8        EV: 13    Int: 19    God:    Vehumet [......]
Gold:   82         SH:  0    Dex: 16    Spells: 2 memorised, 3 levels left

rFire  . . .     SeeInvis .     k - +1 spear
rCold  . . .     Clarity  .     a - +0 robe
rNeg   . . .     SustAt   .     (no shield)
rPois  .         Gourm    .     (no helmet)
rElec  .         Spirit   .     (no cloak)
rCorr  .         Warding  .     i - +0 pair of gloves
rMut   .         Stasis   .     (no boots)
MR     .....                    (no amulet)
Stlth  ++........               (no ring)
                                (no ring)

@: mighty, not resistant to hostile enchantments, unstealthy
A: no striking features
a: Renounce Religion


You were on level 4 of the Dungeon.
You worshipped Vehumet.
Vehumet was noncommittal.
You were not hungry.

You visited 2 branches of the dungeon, and saw 6 of its levels.

You collected 82 gold pieces.

Inventory:

Hand weapons
 k - a +1 spear (weapon)
Missiles
 g - 3 tomahawks (quivered)
Armour
 a - a +0 robe (worn)
 i - a +0 pair of gloves (worn)
 m - a +0 buckler
Scrolls
 d - 2 scrolls of identify
 n - a scroll of enchant weapon
Books
 b - a book of Flames

   Spells                             Type                      Level
   a - Flame Tongue                   Conjuration/Fire             1
   b - Throw Flame                    Conjuration/Fire             2
   c - Conjure Flame                  Conjuration/Fire             3
   d - Inner Flame                    Hexes/Fire                   3
   e - Sticky Flame                   Conjuration/Fire             4
   f - Fireball                       Conjuration/Fire             5
Comestibles
 c - 4 bread rations
 f - 2 slices of pizza
 h - a meat ration


   Skills:
 - Level 2.1 Dodging
 - Level 2.1 Stealth
 + Level 2.8 Spellcasting
 * Level 2.1 Conjurations
 * Level 3.7 Fire Magic


You had 3 spell levels left.
You knew the following spells:

 Your Spells              Type           Power        Failure   Level  Hunger
a - Flame Tongue          Conj/Fire      ##...        6%          1    None
b - Conjure Flame         Conj/Fire      ##......     14%         3    ###....


Dungeon Overview and Level Annotations

Branches:
Dungeon (5/15)             Temple (1/1) D:5

Altars:
Ashenzari
Cheibriados
Fedhas
Kikubaaqudgha
Nemelex Xobeh
Qazlal
Sif Muna
Trog
Vehumet
Xom
Yredelemnul
Zin
The Shining One

Annotations:
D:4 Dowan, Duvessa


Message History

The orc closely misses you. The orc hits you with a flail.
* * * LOW HITPOINT WARNING * * *
The orc wizard hits you but does no damage.
Unknown command.
Unknown command.
You closely miss the orc wizard. The orc hits you with a mace.
* * * LOW HITPOINT WARNING * * *
The orc completely misses you.
The orc wizard gestures wildly while chanting.
The orc wizard flickers and vanishes!
Unknown command.
Unknown command.
Unknown command.
You puncture something! The orc hits you with a mace.
* * * LOW HITPOINT WARNING * * *
Something hits you but does no damage. The orc barely misses you.
Unknown command.
Unknown command.
You closely miss something. The orc closely misses you. Something hits you.
You die...

..)#+#####+## ##+
..........).#
............#+##
..........o....#
......####+#...#
......#.#..'...#
......'.'..#o..#
......#.####...###
.######'########@##
.# ##....'..'.o{o#
.####....#######.##
#..#####.#########
+..# #....'...#
#'########.##.##
...##...##.##.##
...# #......#..#
...# #......'..#


You could see 2 orcs.

Vanquished Creatures
  An ooze (D:2)
  A giant gecko (D:1)
  A ball python (D:5)
  2 bats (D:2)
  A giant cockroach (D:3)
  3 goblins (D:1)
  4 hobgoblins (D:1)
  2 quokkas
  4 giant newts
  A goblin zombie (D:5)
  2 hobgoblin zombies (D:5)
  6 kobolds
  2 kobold zombies (D:5)
  An orc skeleton (D:5)
  5 rats
36 creatures vanquished.

Notes
Turn   | Place    | Note
--------------------------------------------------------------
     0 | D:1      | 4thArraOfDagon the High Elf Fire Elementalist began the quest for the Orb.
     0 | D:1      | Reached XP level 1. HP: 11/11 MP: 4/4
   137 | D:1      | Reached XP level 2. HP: 17/17 MP: 0/6
   589 | D:2      | no stairs x2
   636 | D:3      | no stairs x3
   659 | D:4      | no temple x4
   692 | D:4      | Noticed a giant frog
   727 | D:4      | Noticed Duvessa
   728 | D:4      | Noticed Dowan
   740 | D:5      | Entered Level 5 of the Dungeon
   746 | D:5      | Found a staircase to the Ecumenical Temple.
   755 | Temple   | Entered the Ecumenical Temple
   777 | Temple   | Became a worshipper of Vehumet
   785 | D:5      | Reached XP level 3. HP: 16/21 MP: 4/8
   790 | D:5      | Learned a level 3 spell: Conjure Flame
   847 | D:5      | Found a glowing golden altar of the Shining One.
   863 | D:5      | Noticed a scorpion
   931 | D:4      | Found a shimmering altar of Xom.
  1160 | D:2      | Found a stormy altar of Qazlal.
  1336 | D:4      | HP: 1/21 [orc/mace (3)]
  1337 | D:4      | Slain by an orc wizard

Vault maps used:
D:1:      minmay_arrival_plants_in_alcoves
D:2:      corexii_shack, grunt_qazlal_clouds
D:3:      first_bread, minmay_misc_feat_plants
D:4:      kennysheep_mini_moat, minmay_goblin_kobold_house, uniq_blork_the_orc,
          uniq_duvessa, uniq_menkaure
D:5:      nicolae_overflow_crystal_walls, nicolae_tso_besieged_by_evil,
          minmay_temple_entry_junction, basic_altar
Temple:   nicolae_temple_x_marks_the_god

Action                   || total
-------------------------++-------
Melee: Unarmed           ||     4
       Club              ||    16
       Spear             ||    37
 Cast: Flame Tongue      ||    44
  Use: Potion            ||     4
       Scroll            ||     6
 Stab: Sleeping          ||     3
  Eat: Chunk             ||     2
